 Dungeon Crawl Stone Soup version 0.29.1-15-g9cfb28693d (webtiles) character file.

Game seed: 16193609404610440403

65 croobank the Firebug (level 3, -8/25 HPs)
             Began as a Demonspawn Fire Elementalist on Mar 26, 2023.
             Mangled by a gnoll
             ... wielding a +0 spear
              (9 damage)
             ... on level 3 of the Dungeon.
             The game lasted 00:04:13 (2136 turns).

croobank the Firebug (Demonspawn Fire Elementalist) Turns: 2136, Time: 00:04:14

Health: -8/25      AC:  2    Str:  8    XL:     3   Next: 92%
Magic:  0/6        EV:  6    Int: 18    God:
Gold:   75         SH:  0    Dex: 13    Spells: 3/6 levels left

rFire   + . .      SeeInvis .   c - +1 short sword (drain)
rCold   x . .      Faith    .   (no shield)
rNeg    + . .      Spirit   .   a - +0 robe
rPois   .          Reflect  .   (no helmet)
rElec   .          Harm     .   (no cloak)
rCorr   .          Rampage  .   (no gloves)
Will    .....                   (no boots)
Stlth   ++........              (no amulet)
HPRegen 0.08/turn               h - ring of fire
MPRegen 0.10/turn               j - ring of positive energy

@: lethally poisoned (-8 -> -12), flying, held
A: demonic touch 1
a: no special abilities


You were on level 3 of the Dungeon.
You visited 1 branch of the dungeon, and saw 3 of its levels.

You collected 75 gold pieces.

Inventory:

Hand Weapons
 c - a +1 short sword of draining (weapon)
 i - a +0 dagger
 m - a +0 hand axe
 q - a +2 spear of flaming
Missiles
 r - 6 poisoned darts
Armour
 a - a +0 robe (worn)
 g - a +0 ring mail
Jewellery
 h - a ring of fire (left hand)
 j - a ring of positive energy (right hand)
Scrolls
 e - a scroll of identify {unknown}
 f - a scroll of teleportation {unknown}
 k - a scroll of summoning {unknown}
 n - 3 scrolls of enchant weapon {unknown}
 p - a scroll of magic mapping {unknown}
Potions
 b - a potion of magic
 d - a potion of mutation {unknown}
 l - a potion of flight
 o - 2 potions of curing {unknown}


   Skills:
 + Level 0.7 Fighting
 + Level 2.3 Dodging
 + Level 2.3 Stealth
 + Level 2.4 Spellcasting
 + Level 1.7 Conjurations
 + Level 3.0 Fire Magic


You had 3 spell levels left.
You knew the following spells:

 Your Spells              Type           Power      Damage    Failure   Level
a - Foxfire               Conj/Fire      64%        2x1d7     6%          1
b - Scorch                Fire           38%        2d7       8%          2

Your spell library contained the following spells:

 Spells                   Type           Power      Damage    Failure   Level
 Conjure Flame            Conj/Fire      16%        6-21      19%         3
 Inner Flame              Hex/Fire       11%        N/A       28%         3
 Flame Wave               Conj/Fire      16%        2d7       54%         4


Dungeon Overview and Level Annotations

Branches:
Dungeon (3/15)

Altars:


Innate Abilities, Weirdness & Mutations

Your touch may inflict minor irresistible damage on your foes.


Message History

HP restored.
There is a stone staircase leading down, spattered with blood here.
You climb downwards.
The adder barely misses you. The gnoll completely misses you.
The adder bites you.
There is a stone staircase leading up here.
The adder bites you.
You are poisoned.
The adder poisons you!
The gnoll throws a throwing net.
The throwing net hits you.
You become entangled in the net!
You stop ascending the stairs.
Casting: Foxfire (safe; 6% risk of failure)
Confirm with . or Enter, or press ? or * to list all spells.
You feel a surge of power!
Flames lash the adder.
The adder is almost dead.
The adder's fire resistance burns away.
You feel sick. The adder barely misses you. The gnoll barely misses you.
Casting: Scorch (safe; 8% risk of failure)
Confirm with . or Enter, or press ? or * to list all spells.
You feel a surge of power!
Flames lash the gnoll.
The gnoll is heavily wounded.
The gnoll's fire resistance burns away.
You feel sick. The adder bites you. The gnoll barely misses you.
The adder bites you.
You are more poisoned.
The adder poisons you!
Casting: Scorch (safe; 8% risk of failure)
Confirm with . or Enter, or press ? or * to list all spells.
You feel a surge of power!
Flames lash the gnoll.
The gnoll is heavily wounded.
You feel sick.
The gnoll hits you from afar with a +0 spear!
* * * LOW HITPOINT WARNING * * *
The adder bites you but does no damage.
It was a potion of flight.
You feel very buoyant.
You fly up into the air.
* * * LOW HITPOINT WARNING * * *
You feel sick. The adder bites you.
* * * LOW HITPOINT WARNING * * *
The gnoll hits you from afar with a +0 spear!
You die...

.. #. .# #.
.# #. #.##
#. .).#
#.##...###
#...g....#
#........##
#..@......#
####S..####
...# ##.#
.# #


You could see a gnoll (combustible) and an adder (combustible).

Vanquished Creatures
  2 gnolls
  4 ball pythons
  9 endoplasms
  A giant cockroach (D:1)
  4 goblins (D:1)
  3 hobgoblins (D:1)
  7 jackals
  4 kobolds
  A frilled lizard (D:1)
  2 rats (D:1)
37 creatures vanquished.

Vanquished Creatures (others)
  61 foxfires
61 creatures vanquished.

Grand Total: 98 creatures vanquished

Notes
Turn   | Place    | Note
-------+----------+-------------------------------------------
     0 | D:1      | croobank the Demonspawn Fire Elementalist began the quest
                  | for the Orb.
     0 | D:1      | Reached XP level 1. HP: 13/13 MP: 3/3
   203 | D:1      | Gained mutation: Your touch may inflict minor irresistible
                  | damage on your foes. [demonic ancestry]
   203 | D:1      | Reached XP level 2. HP: 14/19 MP: 1/5
   422 | D:1      | Learned a level 2 spell: Scorch
   973 | D:1      | Reached XP level 3. HP: 21/24 MP: 6/6
  1123 | D:2      | Reached skill level 3 in Fire Magic
  1474 | D:2      | Found a faded altar of an unknown god.
  2136 | D:3      | HP: 1/25 [adder (2)]
  2136 | D:3      | Mangled by a gnoll

Illustrated notes

Levels and vault maps discovered:
D:1:      dpeg_arrival_orchard, layout_basic
D:2:      layout_loops_ring, chequers_ecumenical_altar_simple
D:3:      layout_loops_ring, kennysheep_orc_sif_temple,
          nicolae_overflow_hidden_temple, serial_shops,
          nicolae_shop_advertising_works [nicolae_subvault_shop_adworks],
          kennysheep_cross_room, lightli_corner_chamber

Skill      XL: |  1  2  3 |
---------------+----------+-----
Stealth        | 2 |  2.3
Dodging        | 2 |  2.3
Fire Magic     | 3 |  3.0
Fighting       | |  0.7
Spellcasting   | |  2.4
Conjurations   | |  1.7

Action                   || total
-------------------------++-------
Melee: Short sword       ||    14
       Unarmed           ||     1
       Touch             ||     1
 Cast: Foxfire           ||    38
       Scorch            ||    15
  Use: Potion            ||     1
Armor: Robe              ||     6
Dodge: Dodged            ||    18
